 Dungeon Crawl Stone Soup version 0.31-a0-544-gceb718ecc6 (webtiles) character file.

Game seed: 10362731391627460611

86136 ryw the Brawler (level 15, -22/158 HPs)
             Began as a Troll Fighter on Aug 5, 2023.
             Was a High Priest of Okawaru.
             Annihilated by a bunyip (24 damage)
             ... on level 1 of the Swamp on Aug 16, 2023.
             The game lasted 00:50:37 (19581 turns).

ryw the Brawler (Troll Fighter)                    Turns: 19581, Time: 00:50:38

Health: -22/158    AC:  1    Str: 34    XL:     15   Next: 40%
Magic:  19/19      EV: 15    Int:  4    God:    Okawaru [*****.]
Gold:   1101       SH:  9    Dex:  9    Spells: 14/14 levels left

rFire   + .          .
                       - Unarmed
rCold   + . .        b - +1 kite shield
rNeg    . . .        K - +1 robe "Iheom" {rPois}
rPois   +            C - +0 mask of the Dragon {Will+ Slay+3 SInv}
rElec   .            G - scarf {rC+ rF+}
rCorr   .            (gloves unavailable)
SInv    +            (boots unavailable)
Will    ++...        I - amulet of the acrobat
Stlth   +            E - +5 ring of evasion
HPRegen 1.26/turn    r - +4 ring of protection
MPRegen 0.16/turn

%: acrobat
@: about to teleport, corroded
A: large, unfitting armour, claws 3, regeneration 1, shaggy fur 1, tough skin 1
a: Renounce Religion, Heroism, Finesse, Duel


You were on level 1 of the Swamp.
You worshipped Okawaru.
Okawaru was extremely pleased with you.
You visited 4 branches of the dungeon, and saw 20 of its levels.

You collected 2580 gold pieces.
You spent 1479 gold pieces at shops.

Inventory:

Hand Weapons
 X - the +6 great sword "Huiciw" {antimagic, rElec rPois rC+++ Dex-5}
   (You found it on level 5 of the Lair of Beasts)

   Dex-5:     It affects your dexterity (-5).
   rC+++:     It renders you almost immune to cold.
   rElec:     It insulates you from electricity.
   rPois:     It protects you from poison
Missiles
 l - 14 boomerangs
 u - 6 atropa-tipped darts
 y - 28 poisoned darts
 A - 12 javelins (quivered)
 O - 19 large rocks
 P - 3 curare-tipped darts
Armour
 b - a +1 kite shield (worn)
 f - +0 acid dragon scales
 C - the +0 mask of the Dragon (worn) {Will+ Slay+3 SInv}
   (You bought it in a shop on level 2 of the Orcish Mines)

   Slay+3:    It affects your accuracy & damage with ranged weapons and melee
   (+3).
   Will+:     It increases your willpower.
   SInv:      It lets you see invisible.
 D - a +0 troll leather armour
 G - a scarf of resistance (worn)
 K - the +1 robe "Iheom" (worn) {rPois}
   (Okawaru gifted it to you on level 9 of the Dungeon)

   rPois:     It protects you from poison
 V - +0 steam dragon scales
Jewellery
 e - a ring of ice
 o - a ring of protection from cold
 r - a +4 ring of protection (right claw)
 v - a ring of fire
 x - a ring of positive energy
 E - a +5 ring of evasion (left claw)
 I - an amulet of the acrobat (around neck)
 S - a +6 ring of dexterity
Wands
 a - a wand of polymorph (15)
 s - a wand of iceblast (16)
 B - a wand of flame (47)
 J - a wand of paralysis (11)
 Q - a wand of mindburst (1)
 R - a wand of digging (12)
 T - a wand of light (4)
Scrolls
 g - 2 scrolls of immolation
 n - 2 scrolls of teleportation
 t - 3 scrolls of blinking
 F - 2 scrolls of poison
 L - 6 scrolls of identify
 N - a scroll of revelation
Potions
 c - 5 potions of might
 d - 4 potions of attraction
 h - 4 potions of brilliance
 i - 5 potions of curing
 j - 5 potions of heal wounds
 k - 2 potions of cancellation
 m - 3 potions of mutation
 p - 3 potions of resistance
 q - a potion of magic
 w - 6 potions of haste
 z - 3 potions of lignification
 H - 2 potions of ambrosia


   Skills:
 + Level 12.9 Fighting
 - Level 8.0 Throwing
 - Level 5.1 Armour
 - Level 5.0 Dodging
 - Level 5.0 Shields
 + Level 18.7 Unarmed Combat
 + Level 6.8 Invocations


You had 14 spell levels left.
You didn't know any spells.
Your spell library contained the following spells:

 Spells                   Type           Power      Damage    Failure   Level
 Apportation              Tloc           0%         N/A       67%         1
 Magic Dart               Conj           0%         1d3       67%         1
 Ensorcelled Hibernation  Hex/Ice        0%         N/A       82%         2
 Scorch                   Fire           0%         2d5       82%         2
 Searing Ray              Conj           0%         2d4       82%         2
 Static Discharge         Conj/Air       0%         2-2/arc   82%         2
 Frozen Ramparts          Ice            0%         1d1       96%         3
 Stone Arrow              Conj/Erth      0%         3d7       96%         3
 Vhi's Electric Charge    Tloc/Air       0%         N/A       96%         3
 Airstrike                Air            0%         2d(0-16)  100%        4
 Anguish                  Hex/Necr       0%         N/A       100%        4
 Flame Wave               Conj/Fire      0%         2d4       100%        4
 Fulminant Prism          Conj/Hex       0%         3d5       100%        4
 Leda's Liquefaction      Hex/Erth       0%         N/A       100%        4
 Passage of Golubria      Tloc           0%         N/A       100%        4
 Petrify                  Tmut/Erth      0%         N/A       100%        4
 Alistair's Intoxication  Tmut/Pois      0%         N/A       100%        5
 Arcjolt                  Conj/Air       0%         1d10      100%        5
 Lee's Rapid Deconstruct  Erth           0%         3d4*      100%        5
 Metabolic Englaciation   Hex/Ice        0%         N/A       100%        5
 Yara's Violent Unravell  Hex/Tmut       0%         3d3       100%        5
 Eringya's Noxious Bog    Tmut/Pois      0%         4d6       100%        6
 Leda's Unmaking          Conj/Erth      0%         9d1       100%        6
 Lehudib's Crystal Spear  Conj/Erth      0%         10d2      100%        8
 Maxwell's Capacitive Co  Air            0%         ∞         100%        8
 Tukima's Dance           Hex            Unusable   N/A       N/A         3
 Animate Armour           Summ/Erth      Unusable   N/A       N/A         4
 Summon Lightning Spire   Summ/Air       Unusable   N/A       N/A         4
 Summon Forest            Summ/Tloc      Unusable   N/A       N/A         5
 Summon Cactus Giant      Summ           Unusable   N/A       N/A         6
 Summon Hydra             Summ           Unusable   N/A       N/A         7

Dungeon Overview and Level Annotations

Branches:
Dungeon (12/15)            Temple (0/1) D:6            Lair (5/5) D:9
  Swamp (1/4) Lair:2        Snake (0/4) Lair:3        Slime (0/5) Lair:5
    Orc (2/2) D:9             Elf (0/3) Orc:2

Altars:
Cheibriados
Fedhas
Gozag
Hepliaklqana
Makhleb
Nemelex Xobeh
Okawaru
Qazlal
Ru
Trog
Uskayaw
Vehumet
Wu Jian
Zin

Shops:
D:4 (   D:8 [   Orc:2 [[(?!

Annotations:
Swamp:1 1 transporter, BaconRulez's ghost, journeyman DsGl


Innate Abilities, Weirdness & Mutations

You are too large for most types of armour.
You have claws for hands.
Your natural rate of healing is unusually fast.
You are covered in fur. (AC +1)
You have tough skin. (AC +1)


Message History

You hear a splash.
You block the swamp worm's attack. The goliath frog hits you from afar!
The acid corrodes you!
You are splashed with acid!
The six-headed hydra bites you but does no damage.
The six-headed hydra misses you.
You block the six-headed hydra's attack.
The six-headed hydra misses you. The six-headed hydra barely misses you.
The six-headed hydra closely misses you.
The swamp worm bites you!!
Throw: 13 javelins
Press: ? - help, Q - select action, (/) - cycle Shift-Dir - straight line, f/p - six-headed hydra
Aim: a six-headed hydra (severely wounded, 82% to hit)
You throw a javelin.
The javelin barely misses the six-headed hydra.
You hear a splash.
The goliath frog hits you from afar! The acid corrodes you!
You are splashed with acid.
The six-headed hydra barely misses you.
You block the six-headed hydra's attack.
The six-headed hydra bites you! The six-headed hydra bites you.
You block the six-headed hydra's attack.
The six-headed hydra bites you!
* * * LOW HITPOINT WARNING * * *
The swamp worm bites you.
* * * LOW HITPOINT WARNING * * *
The goliath frog barely misses you. The six-headed hydra misses you.
The six-headed hydra bites you.
* * * LOW HITPOINT WARNING * * *
The six-headed hydra bites you.
* * * LOW HITPOINT WARNING * * *
The six-headed hydra bites you!
* * * LOW HITPOINT WARNING * * *
The six-headed hydra barely misses you. x2
Unknown command.
Unknown command.
Unknown command.
As you read the scroll of teleportation, it crumbles to dust.
You feel strangely unstable. The bunyip claws you!!
* * * LOW HITPOINT WARNING * * *
The bunyip claws you!!
You die...

~.........~~~~†.#########
~.~.(~§~..~~§~..#.Z.ZZZ?[
.....~~~~~~~....#..ZZ....
♣...~~~~§~~.....#..##...#
...~~~~~~~~.!...#..#8...8
[~§~~§~~~~~.(...#.w##...#
~~~~.~~~§~...~..#.....©..
~~~~~~~wx~...~..#
~(~~~~.D@~~.~~..#
..~§~....~§~~~..#
.....~F..~~~~...#
.~..~~....~♣♣♣..# ....
~~~~..§.>..♣ . ######
~~~~.~~~..~♣ ...©..
~~~~~§~~.~♣♣ ......
~§§.~~~... ~~~~.~ ~~~~~~


You could see a bunyip, a six-headed hydra, a goliath frog and a swamp worm.

Vanquished Creatures
  Kirke (Swamp:1)
  2 orc warlords (Orc:2)
  2 eleionomae (Swamp:1)
  2 bunyips (Swamp:1)
  A fire dragon (Lair:5)
  6 hydras
  Erica (Orc:1)
  A ghost crab (Lair:2)
  3 two-headed ogres
  2 alligators (Swamp:1)
  4 boulder beetles
  13 death yaks
  3 orc high priests
  Nergalle (Lair:3)
  A deep elf knight (Orc:2)
  A spriggan berserker (Lair:2)
  A skyshark (Lair:5)
  3 swamp dragons
  A deep elf zephyrmancer (Orc:2)
  4 orc sorcerers
  2 ugly things
  A deep elf pyromancer (Orc:2)
  2 oklob plants
  13 orc knights
  A manticore (D:11)
  A wolf spider (Lair:5)
  4 cyclopes
  A guardian serpent (Lair:5)
  11 black mambas
  A torpor snail (Lair:4)
  18 cane toads
  12 komodo dragons
  2 kobold demonologists
  An efreet (D:8)
  3 rime drakes
  2 tyrant leeches
  Prince Ribbit (D:8)
  7 trolls
  19 blink frogs
  3 hornets
  6 saltlings (Orc:2)
  A shadow (D:8)
  16 wyverns
  A vampire (D:11)
  37 yaks
  3 wraiths (D:10)
  4 basilisks
  2 humans (Swamp:1)
  2 hogs (Swamp:1)
  3 redbacks (Lair:5)
  7 vampire mosquitoes
  Menkaure (D:5)
  3 steam dragons
  A naga (Lair:3)
  2 wargs
  16 water moccasins
  5 acid dragons
  2 swamp worms (Swamp:1)
  2 spectral yaks (Lair:2)
  27 orc warriors
  3 swamp drakes
  4 sky beasts
  5 black bears
  9 ogres
  A boggart (D:11)
  2 centaurs
  A phantom (D:6)
  2 kobold brigands (D:8)
  12 bullfrogs
  4 scorpions
  5 wights
  A spectral wolf (Lair:2)
  5 howler monkeys
  4 hounds
  3 jellies
  7 orc priests
  Ijyb (D:5)
  A sleepcap (D:4)
  7 iguanas
  22 orc wizards
  11 gnolls
  4 adders
  A shadow imp (D:8)
  4 white imps
  A worm (D:2)
  3 dart slugs
  55 orcs
  3 endoplasms
  A giant cockroach (D:4)
  6 goblins
  7 hobgoblins
  2 jackals (D:1)
  17 kobolds
  3 quokkas (D:1)
  2 ball pythons
  4 bats
  2 rats (D:2)
524 creatures vanquished.

Vanquished Creatures (others)
  An unseen horror (shapeshifter) (D:11)
  An orc wizard (Orc:2)
2 creatures vanquished.

Grand Total: 526 creatures vanquished

Notes
Turn   | Place    | Note
-------+----------+-------------------------------------------
     0 | D:1      | ryw the Troll Fighter began the quest for the Orb.
     0 | D:1      | Reached XP level 1. HP: 22/22 MP: 0/0
   322 | D:1      | Reached XP level 2. HP: 29/29 MP: 1/1
   716 | D:1      | Reached XP level 3. HP: 32/36 MP: 2/2
   855 | D:2      | Reached skill level 3 in Unarmed Combat
   880 | D:2      | Reached XP level 4. HP: 40/44 MP: 3/3
  1280 | D:2      | Found a faded altar of an unknown god.
  1413 | D:3      | Found a sacrificial altar of Ru.
  1453 | D:3      | Found an iron altar of Okawaru.
  1462 | D:3      | Became a worshipper of Warmaster Okawaru
  1697 | D:3      | Found an opulent altar of Gozag.
  1697 | D:3      | Found a glowing silver altar of Zin.
  2189 | D:4      | Found a hide-covered altar of Uskayaw.
  2197 | D:4      | Reached XP level 5. HP: 53/53 MP: 4/4
  2253 | D:4      | Noticed a black bear
  2273 | D:5      | Entered Level 5 of the Dungeon
  2334 | D:5      | Noticed Menkaure
  2345 | D:5      | Killed Menkaure
  2345 | D:5      | Reached * piety under Okawaru
  2346 | D:5      | Reached skill level 1 in Throwing
  2346 | D:5      | Reached skill level 4 in Unarmed Combat
  2346 | D:5      | Reached XP level 6. HP: 61/61 MP: 5/5
  2456 | D:5      | Found a hazy altar of Hepliaklqana.
  2529 | D:5      | Reached XP level 7. HP: 67/67 MP: 6/6
  2614 | D:5      | Noticed Ijyb
  2631 | D:5      | Killed Ijyb
  2666 | D:5      | Reached skill level 5 in Unarmed Combat
  2695 | D:4      | Found a bloodstained altar of Trog.
  2702 | D:5      | Reached ** piety under Okawaru
  2898 | D:4      | Found Timorch's Antique Weapon Emporium.
  3531 | D:5      | Found a sparkling altar of Nemelex Xobeh.
  3643 | D:6      | Reached *** piety under Okawaru
  3644 | D:6      | Reached XP level 8. HP: 76/78 MP: 7/7
  3673 | D:6      | Reached skill level 6 in Unarmed Combat
  3737 | D:6      | Found a stormy altar of Qazlal.
  3809 | D:6      | Found a staircase to the Ecumenical Temple.
  3849 | D:6      | Reached skill level 1 in Invocations
  4400 | D:6      | Found a snail-covered altar of Cheibriados.
  4575 | D:7      | Found a radiant altar of Vehumet.
  4838 | D:7      | Found an ornate altar of the Wu Jian Council.
  4855 | D:7      | Noticed a troll
  4856 | D:7      | Reached skill level 1 in Armour
  4866 | D:7      | Killed a troll
  4867 | D:7      | Reached skill level 5 in Shields
  4867 | D:7      | Reached XP level 9. HP: 71/85 MP: 9/9
  5065 | D:7      | Reached **** piety under Okawaru
  5066 | D:7      | Reached skill level 7 in Unarmed Combat
  5086 | D:7      | Reached skill level 5 in Fighting
  5421 | D:7      | Reached skill level 13 in Unarmed Combat
  5421 | D:7      | Reached XP level 10. HP: 96/96 MP: 11/11
  5443 | D:8      | Reached ***** piety under Okawaru
  5449 | D:8      | Reached skill level 5 in Dodging
  5586 | D:8      | Received a gift from Okawaru
  5665 | D:8      | Noticed Prince Ribbit
  5668 | D:8      | Killed Prince Ribbit
  5732 | D:8      | Noticed a purple ugly thing
  5744 | D:8      | Killed a purple ugly thing
  5745 | D:8      | Reached XP level 11. HP: 84/104 MP: 10/12
  5832 | D:8      | Noticed a boulder beetle
  5847 | D:8      | Killed a boulder beetle
  5848 | D:8      | Reached skill level 5 in Throwing
  6105 | D:8      | Received a gift from Okawaru
  6189 | D:8      | Found a burning altar of Makhleb.
  6189 | D:8      | Noticed an Executioner
  6290 | D:8      | Found Plog's Armour Shoppe.
  6630 | D:9      | Found a staircase to the Orcish Mines.
  6720 | D:9      | Noticed a death yak
  6740 | D:9      | Killed a death yak
  6805 | D:9      | Noticed a death yak
  6805 | D:9      | Noticed a death yak
  6806 | D:9      | Noticed a death yak
  6810 | D:9      | Noticed a death yak
  6815 | D:9      | Noticed a death yak
  6816 | D:9      | Killed a death yak
  6818 | D:9      | Noticed a death yak
  6819 | D:9      | Killed a death yak
  6819 | D:9      | Reached ****** piety under Okawaru
  6828 | D:9      | Killed a death yak
  6834 | D:9      | Killed a death yak
  6834 | D:9      | Received a gift from Okawaru
  6841 | D:9      | Killed a death yak
  6850 | D:9      | Killed a death yak
  6851 | D:9      | Reached skill level 5 in Invocations
  6918 | D:9      | Found a staircase to the Lair.
  7003 | D:9      | Identified the +1 robe "Iheom" {rPois} (Okawaru gifted it
                  | to you on level 9 of the Dungeon)
  7003 | D:9      | Received a gift from Okawaru
  7590 | D:10     | Entered Level 10 of the Dungeon
  7875 | D:10     | Reached XP level 12. HP: 99/115 MP: 14/14
  7954 | D:10     | Found Azogris's Armour Shoppe.
  8016 | D:10     | Reached skill level 14 in Unarmed Combat
  8438 | D:10     | Noticed a two-headed ogre
  8439 | D:10     | Found a blossoming altar of Fedhas.
  8446 | D:10     | Killed a two-headed ogre
  8637 | Lair:1   | Entered Level 1 of the Lair of Beasts
  8668 | Lair:1   | Reached skill level 5 in Armour
  9501 | Lair:2   | Noticed an eight-headed hydra
  9506 | Lair:2   | Killed an eight-headed hydra
 10195 | Lair:2   | Found a staircase to the Swamp.
 10195 | Lair:2   | Noticed a ghost crab
 10385 | Lair:2   | Killed a ghost crab
 10702 | Lair:3   | Received a gift from Okawaru
 10787 | Lair:3   | Noticed a boulder beetle
 10813 | Lair:3   | Killed a boulder beetle
 10849 | Lair:3   | Found a staircase to the Snake Pit.
 11030 | Lair:3   | Noticed Nergalle
 11038 | Lair:3   | Killed Nergalle
 11039 | Lair:3   | Reached XP level 13. HP: 127/127 MP: 13/16
 11321 | Lair:3   | Reached skill level 15 in Unarmed Combat
 11634 | Lair:4   | Received a gift from Okawaru
 11722 | Lair:4   | Found a runed translucent door.
 12205 | Lair:4   | Received a gift from Okawaru
 12442 | Lair:5   | Entered Level 5 of the Lair of Beasts
 12452 | Lair:5   | Found a staircase to the Slime Pits.
 12484 | Lair:4   | Received a gift from Okawaru
 12820 | Lair:4   | Reached skill level 16 in Unarmed Combat
 12956 | Lair:5   | Reached skill level 10 in Fighting
 13056 | Lair:5   | Received a gift from Okawaru
 13474 | Lair:5   | Reached XP level 14. HP: 144/144 MP: 17/17
 13506 | Lair:5   | Identified the +1 broad axe of Context {venom, rPois}
                  | (Okawaru gifted it to you on level 5 of the Lair of Beasts)
 13506 | Lair:5   | Received a gift from Okawaru
 13650 | Lair:5   | Paralysed by a hornet for 2 turns
 14155 | Lair:5   | Reached skill level 17 in Unarmed Combat
 14983 | Lair:5   | Identified the +6 great sword "Huiciw" {antimagic, rElec
                  | rPois rC+++ Dex-5}
 15184 | Orc:1    | Entered Level 1 of the Orcish Mines
 15199 | Orc:1    | Noticed Erica
 15248 | Orc:1    | Killed Erica
 15337 | Orc:1    | Paralysed by an orc sorcerer for 2 turns
 15646 | Orc:2    | Entered Level 2 of the Orcish Mines
 15735 | Orc:2    | Found a staircase to the Elven Halls.
 15800 | Orc:2    | Found Binwup's Distillery.
 15819 | Orc:2    | Bought a potion of heal wounds for 70 gold pieces
 15819 | Orc:2    | Bought a potion of haste for 140 gold pieces
 15819 | Orc:2    | Bought a potion of curing for 42 gold pieces
 15819 | Orc:2    | Bought a potion of heal wounds for 70 gold pieces
 15868 | Orc:1    | Received a gift from Okawaru
 16189 | Orc:2    | Received a gift from Okawaru
 16446 | Orc:2    | Noticed an orc warlord
 16585 | Orc:2    | Killed an orc warlord
 16604 | Orc:2    | Reached skill level 18 in Unarmed Combat
 17157 | Orc:2    | Noticed an orc warlord
 17168 | Orc:2    | Killed an orc warlord
 17341 | Orc:2    | Found Goanej's Magic Scroll Boutique.
 17347 | Orc:2    | Bought a scroll of enchant armour for 120 gold pieces
 17347 | Orc:2    | Bought a scroll of blinking for 120 gold pieces
 17359 | Orc:2    | Found Zuujog's Armour Shoppe.
 17361 | Orc:2    | Found Itrouseu's Armour Shoppe.
 17366 | Orc:2    | Bought a scarf of resistance for 416 gold pieces
 17381 | Orc:2    | Bought the +0 mask of the Dragon {Will+ Slay+3 SInv} for
                  | 501 gold pieces
 17381 | Orc:2    | Found the +0 mask of the Dragon {Will+ Slay+3 SInv}
 17404 | Orc:2    | Found Uzoruv's Weapon Shoppe.
 17420 | Orc:2    | Reached XP level 15. HP: 109/158 MP: 15/18
 17740 | D:11     | Upgraded the game from 0.31-a0-466-g98c9adc2b6 to
                  | 0.31-a0-544-gceb718ecc6
 18342 | D:11     | Received a gift from Okawaru
 18917 | Swamp:1  | Entered Level 1 of the Swamp
 19296 | Swamp:1  | Found a transporter.
 19297 | Swamp:1  | Noticed BaconRulez's ghost (journeyman DsGl)
 19329 | Swamp:1  | Noticed Kirke
 19335 | Swamp:1  | Killed Kirke
 19581 | Swamp:1  | HP: 2/158 [bunyip (21)]
 19581 | Swamp:1  | Annihilated by a bunyip

Illustrated notes

Levels and vault maps discovered:
D:1:      minmay_arrival_diagonal_passages, layout_basic
D:2:      layout_rooms, shapermc_ecumenical_altar_mp_vishouse
D:3:      layout_basic, grunt_temple_overflow_gold_and_silver,
          mainiacjoe_overflow_cross_hatched, okawaru_metal_pillars_3,
          nicolae_the_louvre
D:4:      layout_rooms, nicolae_uskayaw_murder_on_the_dancefloor,
          trog_ov_bears_minmay, serial_shops, nicolae_shop_tiny_real_fake_doors
D:5:      layout_basic, nemelex_altar_shiori, nicolae_hepliaklqana_hazy_memory,
          chequers_serial_rivers_micro_a, uniq_ijyb, uniq_menkaure
D:6:      layout_basic, kennysheep_slug_shrine,
          nicolae_qazlal_beasts_of_the_sky, minmay_temple_entry_ruins,
          chequers_serial_rivers_room_b
D:7:      layout_cave_pods, nicolae_overflow_crystal_walls,
          vehumet_altar_wand_db, due_unseen_surprise
D:8:      layout_loops_ring, makhleb_altar_promises_db, serial_shops,
          nicolae_shop_trees, minmay_pinched_square, uniq_prince_ribbit1
D:9:      layout_stronghold, dpeg_lair_monsters, david_orc_3, nicolae_titane
D:10:     layout_loops_ring, lemuel_coloured_pillars_altar, serial_shops, shop
D:11:     layout_irregular_city, minmay_fractal_squares_gapless_7
D:12:     layout_loops_corners, portal_ice_cave_entry_ice_simulacra,
          minmay_more_statues, uniq_rupert, uniq_psyche, uniq_azrael
Lair:1:   layout_hall_layers
Lair:2:   layout_cave_pods, nicolae_swamp_entry_spooky, gauntlet_entry_generic,
          serial_bayou_shore_a
Lair:3:   layout_misc_corridors, guppyfry_snake_entry_island,
          grunt_megastairs_2, uniq_nergalle
Lair:4:   layout_roguey, pf_torpor_hydra, lemuel_fruit_tree,
          infiniplex_staircase_pool
Lair:5:   guppyfry_lair_end_dragon, layout_regular_city,
          hangedman_lair_tendril_chambers, nicolae_slime_entry_field_trip,
          nicolae_quartered_pool_impasse, grunt_megastairs_3
Swamp:1:  layout_basic_swamp, gammafunk_ghost_mausoleum,
          evilmike_swamp_ruin_house_5, uniq_roxanne, uniq_kirke
Orc:1:    layout_caves, basic_altar, uniq_erica
Orc:2:    hellmonk_orc_salted, layout_caves, serial_shops, shop, elf_legates

Skill      XL: |  1  2  3  4  5  6  7  8  9 10 11 12 13 14 |
---------------+-------------------------------------------+-----
Shields        | 3 4 5 |  5.0
Unarmed Combat | 3 4 5 6 13 14 16 18 | 18.7
Fighting       | 3 4 5 6 8 10 12 | 12.9
Dodging        | 3 4 5 |  5.0
Throwing       | 1 2 3 4 6 8 |  8.0
Invocations    | 2 3 5 6 |  6.8
Armour         | 1 2 4 5 |  5.1

Action                     |  1- 3 |  4- 6 |  7- 9 | 10-12 | 13-15 || total
---------------------------+-------+-------+-------+-------+-------++-------
  Melee: Unarmed           |    89 |    86 |   208 |   504 |   842 ||  1729
  Throw: Javelin           |       |     9 |       |    23 |    60 ||    92
         Dart              |       |       |     2 |       |       ||     2
         Large rock        |       |       |       |       |    12 ||    12
 Invoke: Heroism           |       |       |       |    10 |    31 ||    41
         Finesse           |       |       |       |     1 |     5 ||     6
  Evoke: Wand              |       |       |       |    22 |     4 ||    26
    Use: Scroll            |       |       |    20 |     6 |     5 ||    31
         Potion            |       |       |     1 |       |     2 ||     3
   Stab: Sleeping          |     1 |       |       |       |       ||     1
         Confused          |       |       |       |       |     1 ||     1
 Armour: Robe              |    18 |    16 |    33 |    53 |    86 ||   206
         Steam dragon scal |       |       |       |       |    66 ||    66
  Dodge: Dodged            |    32 |    28 |    93 |   199 |   498 ||   850
  Block: Kite shield       |    39 |    25 |    80 |   151 |   357 ||   652

Table legend: (Time is in decaauts)
 A = Elapsed time spent in this place.
 B = Non-inter-level travel time spent in this place.
 C = Inter-level travel time spent in this place.
 D = Time resting spent in this place.
 E = Time spent auto-exploring this place.
 F = Levels seen in this place.
 G = Mean time per level.
                   A        B        C        D        E       F      G
               +--------+--------+--------+--------+--------+-----+--------+
         Total |  19324 |  18047 |   1277 |   1900 |  11998 |  20 |  966.2 |
       Dungeon |   9847 |   8970 |    877 |    294 |   6850 |  12 |  820.6 |
          Lair |   6712 |   6395 |    317 |   1290 |   3760 |   5 | 1342.4 |
         Swamp |    489 |    489 |      0 |     86 |    206 |   1 |  489.0 |
  Orcish Mines |   2275 |   2194 |     81 |    230 |   1182 |   2 | 1137.5 |
               +--------+--------+--------+--------+--------+-----+--------+

Top non-repeatable levels by time:
  Lair:5: 2245 daAuts
   Orc:2: 1667 daAuts
  Lair:4: 1550 daAuts
  Lair:2: 1470 daAuts
     D:9: 1387 daAuts
     D:8: 1107 daAuts
    D:11: 976 daAuts
     D:6: 942 daAuts
    D:10: 922 daAuts
     D:7: 900 daAuts
     D:3: 850 daAuts
     D:5: 844 daAuts
  Lair:3: 744 daAuts
     D:1: 729 daAuts
  Lair:1: 702 daAuts
